 Dungeon Crawl Stone Soup version 0.22.1-5-g62c59d9 (webtiles) character file.

44891 Yuikono the Blocker (level 14, -4/82 HPs)
             Began as a Gargoyle Fighter on Jan 9, 2019.
             Was a Priest of Zin.
             Slain by Snorg (19 damage)
             ... on level 14 of the Dungeon.
             The game lasted 01:55:01 (22597 turns).

Yuikono the Blocker (Gargoyle Fighter)             Turns: 22597, Time: 01:55:01

Health: -4/82      AC: 30    Str: 27      XL:     14   Next: 30%
Magic:  18/22      EV: 10    Int: 14 (15) God:    Zin [***...]
Gold:   509        SH:  0    Dex: 13      Spells: 13/13 levels left

rFire    x . .     SeeInvis .   u - +1 great mace (protect)
rCold    + . .     Gourm    .   (shield currently unavailable)
rNeg     + . .     Faith    .   g - +1 scale mail {MR+}
rPois    ∞         Spirit   .   y - +2 hat
rElec    +         Reflect  .   Z - +1 cloak {rPois}
rCorr    .         Harm     .   N - +0 pair of gloves
MR       ++...                  I - +0 pair of boots
Stlth    ..........             E - amulet of rage
HPRegen  0.23/turn              e - ring of ice
MPRegen  0.18/turn              O - +2 ring of protection

@: vitalised
A: big wings, negative energy resistance 1, electricity resistance, unbreathing,
petrification resistance, rot immunity, AC +10
a: Fly, Recite, Vitalisation, Imprison, Donate Gold, Renounce Religion, Evoke
Berserk Rage


You were on level 14 of the Dungeon.
You worshipped Zin.
Zin was most pleased with you.
You were not hungry.

You visited 2 branches of the dungeon, and saw 15 of its levels.

You collected 708 gold pieces.
You spent 143 gold pieces at shops.
You donated 56 gold pieces to Zin.

Inventory:

Hand Weapons
 m - a +0 blowgun
 u - a +1 great mace of protection (weapon)
 V - the +5 shortbow of Fovailal {flame, rF- Str+2 Int+2}
   (You found it on level 9 of the Dungeon)

   It causes projectiles fired from it to burn those they strike, causing extra
   injury to most foes and up to half again as much damage against particularly
   susceptible opponents.
   It affects your strength (+2).
   It affects your intelligence (+2).
   It makes you vulnerable to fire.
 W - a +0 morningstar of venom
Missiles
 l - 23 tomahawks
 t - 47 poisoned needles
 L - 2 javelins (quivered)
 R - 3 throwing nets
Armour
 c - a +0 shield
 g - a +1 scale mail of magic resistance (worn)
 h - +0 ice dragon scales
 n - a +0 large shield
 y - a +2 hat (worn)
 I - a +0 pair of boots (worn)
 N - a +0 pair of gloves (worn)
 Z - a +1 cloak of poison resistance (worn)
Jewellery
 e - a ring of ice (left hand)
 A - an uncursed ring of positive energy
 E - an amulet of rage (around neck)
 G - an uncursed ring of see invisible
 O - a +2 ring of protection (right hand)
Wands
 D - a wand of iceblast (5)
 H - a wand of paralysis (26)
 S - a wand of acid (6)
Scrolls
 a - 2 scrolls of fear
 b - 2 scrolls of amnesia {unknown}
 d - 5 scrolls of remove curse
 i - 4 scrolls of fog {unknown}
 j - 2 scrolls of teleportation
 k - 3 scrolls of magic mapping
 o - 2 scrolls of immolation
 r - 4 scrolls of enchant armour {unknown}
 v - a scroll of vulnerability {unknown}
 F - a scroll of random uselessness
 J - 3 scrolls of enchant weapon
 P - a scroll of noise {unknown}
 Q - a scroll of summoning {unknown}
Potions
 p - 3 potions of cancellation
 q - 2 potions of lignification
 s - a potion of agility
 x - 3 potions of mutation
 z - a potion of resistance
 B - 2 potions of brilliance
 K - 13 potions of degeneration
 M - a potion of curing
 Y - a potion of berserk rage
Miscellaneous
 T - a phial of floods
 U - a lightning rod (4/4)
Comestibles
 f - 12 rations


   Skills:
 - Level 7.6 Fighting
 + Level 12.3 Maces & Flails
 - Level 13.2 Armour
 - Level 13.5 Shields
 + Level 11.6 Invocations
 + Level 2.4 Evocations


You had 13 spell levels left.
You didn't know any spells.
Your spell library contained the following spells:

 Spells                   Type           Power        Failure   Level  Hunger
 Animate Skeleton         Necr           N/A          45%         1    ##.....
 Apportation              Tloc           #.....       45%         1    ##.....
 Beastly Appendage        Tmut           #.....       45%         1    ##.....
 Confusing Touch          Hex            #.....       45%         1    ##.....
 Pain                     Necr           #...         45%         1    ##.....
 Summon Small Mammal      Summ           #...         45%         1    ##.....
 Sticks to Snakes         Tmut           #.......     61%         2    ###....
 Regeneration             Chrm/Necr      #.........   83%         3    ####...
 Spider Form              Tmut/Pois      #.........   83%         3    ####...
 Vampiric Draining        Necr           #.........   83%         3    ####...
 Animate Dead             Necr           N/A          99%         4    #####..
 Ice Form                 Ice/Tmut       #.......     99%         4    #####..
 Blade Hands              Tmut           #.........   100%        5    ######.
 Bolt of Magma            Conj/Fire/Erth #.........   100%        5    ######.
 Iskenderun's Battlesphe  Conj/Chrm      #.......     100%        5    ######.
 Venom Bolt               Conj/Pois      #.........   100%        5    ######.
 Iron Shot                Conj/Erth      #.........   100%        6    #######
 Orb of Destruction       Conj           #.........   100%        7    #######
 Spellforged Servitor     Conj/Summ      #.........   100%        7    #######


Dungeon Overview and Level Annotations

Branches:
Dungeon (14/15)            Temple (1/1) D:6            Lair (0/6) D:10
    Orc (0/2) D:11         Vaults (0/5) D:13

Altars:
Ashenzari
Cheibriados
Dithmenos
Elyvilon
Fedhas
Gozag
Hepliaklqana
Kikubaaqudgha
Makhleb
Nemelex Xobeh
Okawaru
Qazlal
Ru
Sif Muna
Trog
Uskayaw
Vehumet
Wu Jian
Xom
Yredelemnul
Zin
The Shining One

Shops:
D:5 %}(   D:11 *   D:13 :

Annotations:
D:10 exclusion: obsidian statue
D:14 1 exclusion, Snorg


Innate Abilities, Weirdness & Mutations

You are resistant to torment.
Your stone body is resilient. (AC +10)
You are immune to poison.
Your large and strong wings let you fly indefinitely.
You resist negative energy. (rN+)
You are resistant to electric shocks. (rElec)
You can survive without breathing.
You are immune to petrification.
You are immune to rotting.


Message History

You bludgeon Snorg!!
Snorg is lightly wounded.
Snorg bites you but does no damage. Snorg misses you. Snorg closely misses you.
Snorg bites you but does no damage. Snorg claws you. Snorg closely misses you.
There is a stone staircase leading up here.
Snorg barely misses you. x3
There is an open door here.
Snorg closely misses you. Snorg claws you but does no damage. x2
Snorg bites you! Snorg closely misses you. Snorg claws you!
* * * LOW HITPOINT WARNING * * *
Okay, then.
Okay, then.
As you read the scroll of fear, it crumbles to dust.
You assume a fearsome visage.
Snorg bites you but does no damage. Snorg claws you but does no damage.
Snorg misses you.
Press: ? - help, Dir - move target cursor, f/p - Snorg
Aim: Snorg (lightly wounded, berserk, fast, unusually strong)
You need more space to imprison Snorg.
Snorg bites you!!
You die...

.#..#....##...#'..≈..###..≈#
.#..#....'#####..≈≈≈..#..≈≈#
†#..#....#....#.≈≈.≈≈.+.≈≈8#
.#..#.(..#...<#..≈≈≈..#..≈≈#
.#..#....####'##..≈..###..≈#
.#.......#.....##...## ##..#
##.......#......##### ##+#
.........#......T.########.#
.........#......@..........#
#######'#####.....##########
#......#.....#
#......#.....#
#[.....#.....#
#......#.....#
#......#.....#
#......#.....#
#..............#


You could see Snorg (berserk).

Vanquished Creatures
  Rupert (D:13)
  Gastronok (D:8)
  The ghost of buskinjo the Grappler, a journeyman DrTm of Makhleb (D:12)
  A yaktaur captain (D:9)
  Harold (D:9)
  Fannar (D:11)
  An ice dragon (D:14)
  4 centaur warriors
  The ghost of bmj180 the Grappler, a novice TrMo of Fedhas (D:8)
  3 two-headed ogres
  A death knight (D:9)
  Urug (D:13)
  A deep elf knight (D:9)
  5 skeletal warriors
  4 unseen horrors
  A deep elf mage (D:12)
  A harpy (shapeshifter) (D:12)
  3 manticores
  A cyclops (D:12)
  6 ugly things
  Psyche (D:14)
  A gargoyle (D:13)
  A komodo dragon (D:12)
  A hornet (D:12)
  5 trolls
  Prince Ribbit (D:7)
  5 slime creatures (D:12)
  5 hippogriffs
  A spriggan (shapeshifter) (D:13)
  A water elemental (D:14)
  30 yaks
  A vampire (D:11)
  A wyvern (D:12)
  16 humans
  2 basilisks (D:13)
  3 hungry ghosts
  Menkaure (D:5)
  An acid dragon (D:14)
  A soldier ant (D:11)
  Purgy (D:4)
  A meliai simulacrum (D:14)
  5 orc warriors
  A swamp drake (D:11)
  3 ice beasts
  A phantom (D:5)
  4 sky beasts
  A black bear (shapeshifter) (D:14)
  A black bear (D:9)
  12 centaurs
  2 necrophages
  8 ogres
  3 wolves (D:10)
  3 big kobolds
  16 bullfrogs
  3 wyvern zombies
  2 scorpions (D:9)
  A wyvern skeleton (D:7)
  6 killer bees
  8 wights (D:10)
  An electric eel (D:10)
  5 howler monkeys
  6 crimson imps
  4 centaur zombies
  12 hounds
  2 centaur skeletons
  4 jellies
  Crazy Yiuf (D:5)
  4 bullfrog skeletons
  8 orc priests
  2 gnoll shamans
  14 orc wizards
  An iron imp (D:5)
  4 iguanas
  Natasha (thrice) (D:2)
  5 worker ants
  A worker ant zombie (D:11)
  A howler monkey skeleton (D:11)
  17 gnolls
  12 adders
  2 shadow imps
  An ooze (D:2)
  3 adder skeletons
  An adder zombie (D:8)
  3 worms
  3 dart slugs
  3 leopard geckos
  48 orcs
  2 bat skeletons (D:4)
  4 bat zombies (D:4)
  3 giant cockroaches
  3 goblins
  2 hobgoblins (D:1)
  4 jackals (D:9)
  17 kobolds
  2 quokkas
  6 bats
  4 frilled lizards
  A leopard gecko skeleton (D:7)
  A quokka zombie (D:8)
  9 rats
  A fungus (D:5)
429 creatures vanquished.

Vanquished Creatures (collateral kills)
  2 yaks (D:10)
2 creatures vanquished.

Vanquished Creatures (others)
  2 orcs
2 creatures vanquished.

Grand Total: 433 creatures vanquished

Notes
Turn   | Place    | Note
-------+----------+-------------------------------------------
     0 | D:1      | Yuikono the Gargoyle Fighter began the quest for the Orb.
     0 | D:1      | Reached XP level 1. HP: 14/14 MP: 1/1
   246 | D:1      | Reached XP level 2. HP: 19/19 MP: 2/2
   545 | D:2      | Found a white marble altar of Elyvilon.
   803 | D:2      | Reached XP level 3. HP: 15/23 MP: 3/3
  1063 | D:2      | Noticed Natasha
  1076 | D:2      | Killed Natasha
  1076 | D:2      | Reached XP level 4. HP: 23/29 MP: 4/4
  1504 | D:2      | Noticed Natasha
  1516 | D:2      | Killed Natasha
  1522 | D:2      | Noticed Natasha
  1558 | D:2      | Killed Natasha
  1558 | D:2      | Reached XP level 5. HP: 14/33 MP: 5/5
  2540 | D:4      | Reached XP level 6. HP: 32/39 MP: 6/6
  2776 | D:4      | Noticed Purgy
  2791 | D:4      | Killed Purgy
  2883 | D:3      | Reached skill level 5 in Shields
  3045 | D:4      | Reached skill level 5 in Fighting
  3045 | D:4      | Reached skill level 5 in Armour
  3156 | D:4      | Reached XP level 7. HP: 19/44 MP: 7/7
  3544 | D:4      | Found a shattered altar of Ashenzari.
  3594 | D:4      | Found a shadowy altar of Dithmenos.
  3594 | D:4      | Found a hide-covered altar of Uskayaw.
  3596 | D:4      | Found an iron altar of Okawaru.
  3668 | D:4      | Found an ancient bone altar of Kikubaaqudgha.
  3940 | D:5      | Entered Level 5 of the Dungeon
  3940 | D:5      | Found a hazy altar of Hepliaklqana.
  4076 | D:5      | Found a glowing silver altar of Zin.
  4076 | D:5      | Found Zeys Lorgh's Food Boutique.
  4153 | D:5      | Noticed Menkaure
  4174 | D:5      | Killed Menkaure
  4174 | D:5      | Reached XP level 8. HP: 7/51 MP: 8/8
  4535 | D:5      | Found Ydoim's Weapon Emporium.
  4569 | D:5      | Found Zaufaun's Gadget Emporium.
  4578 | D:5      | Reached skill level 5 in Maces & Flails
  4667 | D:5      | Bought a wand of iceblast (9) for 143 gold pieces
  4745 | D:5      | Found a snail-covered altar of Cheibriados.
  4897 | D:5      | Found a runed door.
  5143 | D:6      | Found a staircase to the Ecumenical Temple.
  5149 | Temple   | Entered the Ecumenical Temple
  5758 | D:6      | Noticed a moth of wrath
  5761 | D:6      | Found a bloodstained altar of Trog.
  6414 | D:5      | Became a worshipper of Zin the Law-Giver
  6505 | D:7      | Reached XP level 9. HP: 50/56 MP: 9/9
  6566 | D:7      | Reached * piety under Zin
  6986 | D:7      | Noticed Prince Ribbit
  7202 | D:7      | Killed Prince Ribbit
  7492 | D:8      | Found a snail-covered altar of Cheibriados.
  7516 | D:8      | Noticed a two-headed ogre
  7525 | D:8      | Killed a two-headed ogre
  7841 | D:8      | Reached XP level 10. HP: 55/63 MP: 12/12
  8288 | D:8      | Reached ** piety under Zin
  8400 | D:8      | Noticed Gastronok
  8738 | D:8      | Found an ornate altar of the Wu Jian Council.
  8770 | D:8      | Noticed bmj180's ghost (novice TrMo)
  8780 | D:8      | Found a runed door.
  8798 | D:8      | Noticed a two-headed ogre
  8813 | D:8      | Killed a two-headed ogre
  9529 | D:9      | Reached skill level 5 in Invocations
  9704 | D:9      | Found a blossoming altar of Fedhas.
 10348 | D:9      | Reached XP level 11. HP: 67/67 MP: 15/15
 10419 | D:9      | Noticed Harold
 10448 | D:9      | Killed Harold
 10631 | D:9      | Noticed a death knight
 10631 | D:9      | Noticed a green ugly thing
 10836 | D:9      | Killed an unseen horror
 10836 | D:9      | Reached skill level 10 in Armour
 10836 | D:9      | Reached skill level 10 in Shields
 10914 | D:9      | Noticed a centaur warrior
 10918 | D:9      | Noticed a deep elf knight
 10923 | D:9      | Noticed a yaktaur captain
 10928 | D:9      | Killed a centaur warrior
 10937 | D:9      | Killed a deep elf knight
 10951 | D:9      | Killed a yaktaur captain
 11184 | D:9      | Got an iridescent shortbow
 11200 | D:9      | Identified the +5 shortbow of Fovailal {flame, rF- Str+2
                  | Int+2} (You found it on level 9 of the Dungeon)
 11697 | D:10     | Entered Level 10 of the Dungeon
 11998 | D:9      | Killed a green ugly thing
 12404 | D:10     | Reached *** piety under Zin
 12404 | D:10     | Reached XP level 12. HP: 61/72 MP: 17/17
 12554 | D:10     | Found a staircase to the Lair.
 13171 | D:10     | Noticed a sun demon
 13306 | D:10     | Reached skill level 10 in Maces & Flails
 13479 | D:11     | Found Keuz's Demolitions Depot.
 14759 | D:11     | Noticed Fannar
 15179 | D:11     | Found a staircase to the Orcish Mines.
 15554 | D:12     | Got a sapphire hand axe
 15555 | D:12     | Identified the +6 hand axe "Lyaf" {chop, +Inv Int+4 Dex-3}
                  | (You found it on level 12 of the Dungeon)
 16415 | D:12     | Found a runed door.
 16420 | D:12     | Noticed buskinjo's ghost (journeyman DrTm)
 16539 | D:12     | Got an uncursed ichor-stained dagger {venom}
 16540 | D:12     | Identified the +1 dagger of Uhetena {venom, rElec Dex+2}
                  | (You took it off a centaur on level 12 of the Dungeon)
 16563 | D:12     | Reached XP level 13. HP: 51/77 MP: 20/20
 16705 | D:12     | Reached **** piety under Zin
 17260 | D:12     | Killed buskinjo's ghost
 17581 | D:11     | Killed Fannar
 17581 | D:11     | Reached skill level 10 in Invocations
 17825 | D:8      | Killed bmj180's ghost
 18155 | D:8      | Killed Gastronok
 18297 | D:5      | Noticed Crazy Yiuf
 18299 | D:5      | Killed Crazy Yiuf
 19193 | D:13     | Found a gate to the Vaults.
 19193 | D:13     | Noticed Rupert
 19193 | D:13     | Noticed Urug
 19876 | D:13     | Found Dutwix's Book Shoppe.
 20220 | D:13     | Killed Urug
 21110 | D:13     | Gained mutation: Your large and strong wings let you fly
                  | indefinitely. [Gargoyle growth]
 21110 | D:13     | Reached XP level 14. HP: 77/82 MP: 22/22
 21614 | D:14     | Reached skill level 1 in Evocations
 21638 | D:14     | Noticed a shadow dragon
 21639 | D:14     | Found the +7 Spriggan's Knife {MR+ EV+4 Dex+4 Stlth+}
 22113 | D:14     | Noticed Psyche
 22122 | D:14     | Killed Psyche
 22222 | D:13     | Killed Rupert
 22564 | D:14     | Noticed Snorg
 22597 | D:14     | Slain by Snorg

Skill      XL: |  1  2  3  4  5  6  7  8  9 10 11 12 13 14 |
---------------+-------------------------------------------+-----
Fighting       | 4 5 6 7 |  7.6
Armour         | 4 5 7 8 9 10 12 13 | 13.2
Shields        | 4 5 7 8 9 10 12 13 | 13.5
Maces & Flails | 3 4 5 7 8 9 10 12 | 12.3
Invocations    | 2 5 7 9 11 | 11.6
Evocations     | 2 |  2.4

Action                   |  1- 3 |  4- 6 |  7- 9 | 10-12 | 13-15 || total
-------------------------+-------+-------+-------+-------+-------++-------
Melee: Flail             |   136 |    90 |       |       |       ||   226
       Mace              |       |   127 |   484 |   840 |       ||  1451
       Morningstar       |       |       |       |   450 |   569 ||  1019
       Great mace        |       |       |       |       |    14 ||    14
 Fire: Hunting sling     |       |     3 |     3 |     7 |       ||    13
       Blowgun           |       |       |       |     5 |    10 ||    15
Throw: Stone             |     3 |     3 |    28 |    49 |       ||    83
       Tomahawk          |       |       |       |    14 |    36 ||    50
       Javelin           |       |       |       |       |     6 ||     6
       Throwing net      |       |       |       |       |     3 ||     3
Invok: Recite            |       |       |     5 |    29 |    15 ||    49
       Vitalisation      |       |       |       |     6 |     7 ||    13
       Imprison          |       |       |       |       |     2 ||     2
 Abil: Evoke Berserk Rag |       |       |       |     1 |     3 ||     4
Evoke: Wand              |       |       |     2 |    20 |     1 ||    23
       Lightning rod     |       |       |       |     4 |     4 ||     8
       Phial of floods   |       |       |       |     1 |       ||     1
  Use: Potion            |     1 |     2 |     1 |     4 |     3 ||    11
       Scroll            |       |     5 |     2 |     9 |     6 ||    22
 Stab: Paralysed         |       |       |     3 |     5 |       ||     8
       Invisible         |       |       |       |     3 |       ||     3
       Confused          |       |       |       |     3 |     5 ||     8
       Held in net/web   |       |       |       |       |     3 ||     3
  Eat: Chunk             |     1 |     4 |    11 |    14 |     4 ||    34
       Ration            |       |     1 |     1 |     8 |     6 ||    16
Armor: Scale mail        |    92 |   128 |     4 |       |   108 ||   332
       Skin              |       |     2 |    14 |       |       ||    16
       Leather armour    |       |       |    82 |       |       ||    82
       Chain mail        |       |       |   161 |   452 |       ||   613
       Plate armour      |       |       |       |   212 |   210 ||   422
Dodge: Dodged            |    39 |    48 |   137 |   249 |   126 ||   599
Block: Shield            |    71 |   119 |   286 |   669 |   346 ||  1491
